Map: Phantom Mode

Players

Motive

  • Race: Terran Terran
  • Spawn Location: 1:00

OldManEmu

  • Race: Protoss Protoss
  • Spawn Location: 9:00

Cyclone

  • Race: Protoss Protoss
  • Spawn Location: 7:00

UDontKnowMe

  • Race: Protoss Protoss
  • Spawn Location: 11:00

WhaTtheFOOK

  • Race: Zerg Zerg
  • Spawn Location: 5:00

chokopoki

  • Race: Zerg Zerg
  • Spawn Location: 7:00

BlackOps

  • Race: Protoss Protoss
  • Spawn Location: 5:00

Gratz

  • Race: Terran Terran
  • Spawn Location: 3:00

VOD

Have the link to the VOD?

Description

Time

  • Played on: Nov. 28, 2024, 10:12 p.m.
  • Length: 41:43
Show
View Real Time Build Order
Export as new Build Order

Motive Terran 

Build Orders:  

Get SALT Encoding   

  12  0:31  SCV  
  13  0:43  Supply Depot, SCV  
  14  0:54  Command Center  
  14  0:55  SCV  
  15  1:01  Command Center  
  15  1:03  Engineering Bay  
  14  1:07  SCV  
  15  1:17  Command Center  
  15  1:19  SCV  
  16  1:29  Barracks  
  16  1:31  SCV  
  17  1:43  SCV  
  18  1:50  Refinery  
  18  1:51  Refinery  
  18  1:55  SCV  
  19  2:05  Neosteel Armor  
  19  2:08  SCV  
  20  2:20  SCV  
  21  2:32  SCV  
  22  2:47  Planetary Fortress  
  22  3:08  Command Center  
  22  3:44  Barracks Tech Lab  
  22  3:48  Factory  
  22  3:49  SCV  
  23  4:01  SCV  
  24  4:06  Orbital Command  
  24  4:11  SCV, Unknown  
  24  4:13  SCV  
  26  4:24  SCV  
  27  4:25  SCV  
  27  4:30  Refinery  
  27  4:31  SCV  
  29  4:36  SCV  
  29  4:37  Factory Tech Lab  
  30  4:42  SCV  
  31  4:48  SCV  
  31  4:51  Orbital Command, Refinery  
  32  4:54  Orbital Command, SCV  
  33  5:00  SCV  
  34  5:11  Armory  
  34  5:14  SCV  
  34  5:15  SCV  
  36  5:24  SCV  
  36  5:26  SCV  
  36  5:27  SCV  
  39  5:36  SCV  
  39  5:39  SCV x2  
  42  5:48  SCV  
  43  5:51  SCV x2  
  45  5:57  SCV  
  45  6:00  SCV  
  47  6:12  SCV  
  47  6:17  SCV  
  49  6:19  Command Center  
  49  6:23  Terran Vehicle Weapons Level 1  
  49  6:29  Factory  
  49  6:33  Mag-Field Accelerator  
  49  6:38  Cyclone  
  52  6:41  Hi-Sec Auto Tracking  
  52  6:55  Command Center  
  52  6:56  SCV  
  53  7:07  Factory  
  53  7:08  SCV  
  54  7:10  Factory, Cyclone  
  54  7:14  Factory Tech Lab  
  57  7:31  Orbital Command  
  57  7:35  Command Center  
  57  7:42  Factory  
  57  7:44  SCV  
  58  7:53  Factory Tech Lab  
  58  7:54  Factory x2  
  58  7:55  Factory Tech Lab  
  58  7:58  Cyclone x2  
  64  8:09  Command Center  
  64  8:10  Orbital Command  
  64  8:20  Terran Vehicle Weapons Level 2  
  64  8:29  Factory Tech Lab  
  64  8:30  Factory, Cyclone x2  
  64  8:33  Cyclone x2  
  76  8:40  Factory x2  
  76  8:44  Armory  
  76  8:51  Orbital Command  
  76  8:57  Command Center  
  76  9:02  Cyclone x2  
  82  9:03  Factory Tech Lab x2  
  82  9:05  Cyclone  
  88  9:10  Cyclone x2  
  91  9:29  Factory Tech Lab  
  91  9:30  Factory Tech Lab x2  
  91  9:34  Cyclone  
  91  9:36  Factory  
  94  9:40  Factory  
  94  9:51  Factory  
  94  9:53  Cyclone  
  94  9:54  Cyclone x5  
  94  9:55  Cyclone x2  
  118  10:04  Orbital Command  
  118  10:05  Command Center  
  118  10:12  Orbital Command  
  118  10:14  Command Center  
  118  10:24  Factory  
  118  10:28  Factory Tech Lab  
  118  10:29  Factory Tech Lab, Factory  
  118  10:34  Cyclone x5  
  133  11:12  Factory Tech Lab  
  133  11:13  Factory Tech Lab x2  
  133  11:17  Terran Vehicle Weapons Level 3  
  133  11:18  Terran Vehicle And Ship Armor Level 1  
  133  11:32  Command Center  
  133  11:36  Command Center  
  133  11:50  Command Center x3  
  133  11:52  Orbital Command  
  133  11:53  Orbital Command  
  133  12:21  Thor x3  
  151  12:22  Thor  
  151  12:23  Thor  
  111  13:05  Orbital Command  
  163  13:06  Orbital Command  
  163  13:08  Command Center  
  163  13:12  Command Center  
  163  13:34  Thor x2  
  163  13:35  Thor  
  163  13:36  Thor  
  187  13:43  Drilling Claws, Smart Servos  
  187  13:47  Terran Vehicle And Ship Armor Level 2  
  187  13:51  Planetary Fortress x3  
  187  13:59  Command Center  
  187  14:03  Command Center  
  187  14:07  Command Center  
  187  14:32  Cyclone x3  
  187  14:33  Cyclone  
  199  14:43  Orbital Command  
  199  14:44  Orbital Command  
  199  14:47  Command Center  
  199  15:22  Planetary Fortress x3  
  199  15:55  Starport  
  199  15:59  Orbital Command  
  199  17:01  Command Center x2  
  199  17:03  Command Center  
  199  17:08  Command Center  
  199  17:41  Missile Turret  
  199  18:01  Missile Turret  
  199  18:22  Missile Turret, Planetary Fortress x2  
  199  18:23  Planetary Fortress x2  
  199  18:34  Command Center x2  
  199  18:38  Command Center  
  199  18:41  Missile Turret  
  199  18:44  Command Center  
  199  18:50  Starport Tech Lab  
  199  18:57  Fusion Core, Terran Vehicle And Ship Armor Level 3  
  199  18:58  Terran Ship Weapons Level 1  
  199  19:30  Missile Turret  
  199  19:50  Missile Turret  
  199  20:00  Planetary Fortress x4  
  199  20:04  Missile Turret  
  199  20:07  Missile Turret  
  199  20:09  Missile Turret x2  
  199  20:11  Missile Turret x2  
  199  20:28  Missile Turret  
  199  20:29  Missile Turret  
  199  20:34  Missile Turret  
  199  20:36  Missile Turret  
  199  20:40  Cloaking Field  
  199  20:47  Infernal Pre-Igniter  
  199  20:49  Advanced Ballistics  
  199  20:56  Terran Infantry Weapons Level 1  
  199  21:02  Missile Turret  
  199  21:04  Missile Turret  
  199  21:24  Missile Turret  
  199  21:29  Missile Turret  
  199  21:31  Missile Turret x2  
  199  21:32  Missile Turret  
  199  21:33  Missile Turret  
  199  21:38  Hyperflight Rotors  
  199  21:42  Missile Turret  
  199  21:50  Missile Turret  
  199  21:51  Missile Turret  
  199  21:52  Missile Turret x2  
  199  21:55  Missile Turret  
  199  22:01  Missile Turret  
  199  22:07  Missile Turret  
  187  22:08  Weapon Refit  
  199  22:10  Missile Turret  
  199  22:12  Missile Turret  
  199  22:13  Missile Turret x2  
  199  22:16  Missile Turret  
  199  22:17  Missile Turret  
  199  22:27  Missile Turret  
  199  22:30  Missile Turret  
  199  22:32  Missile Turret x2  
  199  22:33  Missile Turret  
  199  22:34  Missile Turret  
  199  22:39  Missile Turret  
  199  22:47  Missile Turret  
  199  22:52  Missile Turret  
  199  22:55  Missile Turret  
  199  23:07  Missile Turret  
  199  23:13  Missile Turret  
  198  23:26  Missile Turret  
  198  23:27  Missile Turret  
  198  23:28  Missile Turret  
  198  23:29  Missile Turret  
  198  23:32  Missile Turret  
  198  23:37  Missile Turret  
  198  23:39  Interference Matrix  
  198  23:47  Missile Turret  
  198  23:48  Missile Turret  
  198  23:49  Missile Turret  
  198  23:51  Missile Turret  
  198  23:57  SCV  
  198  23:58  Missile Turret  
  199  24:09  SCV  
  200  24:12  Missile Turret  
  200  24:14  Missile Turret  
  199  24:18  Missile Turret  
  199  24:30  Missile Turret  
  199  24:37  Missile Turret  
  199  24:42  Missile Turret  
  199  24:48  Missile Turret  
  199  24:50  Missile Turret  
  199  24:56  Missile Turret  
  199  24:57  Missile Turret  
  199  25:01  Missile Turret  
  199  25:08  Missile Turret  
  199  25:09  Missile Turret  
  199  25:16  Missile Turret  
  199  25:17  Missile Turret x2  
  199  25:20  Missile Turret  
  199  25:26  Missile Turret  
  199  25:35  Missile Turret  
  199  25:36  Missile Turret  
  199  25:39  Missile Turret  
  199  25:45  Missile Turret  
  199  25:49  Missile Turret  
  199  25:50  Missile Turret  
  199  25:51  Missile Turret  
  199  25:52  Missile Turret  
  199  25:54  Missile Turret  
  199  25:55  Missile Turret  
  199  25:58  Missile Turret  
  199  26:04  Missile Turret  
  199  26:10  Missile Turret  
  199  26:14  Missile Turret  
  199  26:16  Missile Turret  
  199  26:17  Missile Turret x2  
  199  26:18  Missile Turret  
  199  26:19  Missile Turret  
  199  26:34  Missile Turret  
  199  26:35  Missile Turret  
  199  26:52  Missile Turret  
  199  27:05  Missile Turret  
  199  27:06  Missile Turret  
  199  27:07  Missile Turret  
  199  27:08  Missile Turret  
  199  27:09  Missile Turret  
  199  27:11  Missile Turret  
  199  27:26  Missile Turret  
  199  27:39  Missile Turret  
  199  27:41  Missile Turret  
  199  27:42  Missile Turret  
  199  27:45  Missile Turret  
  199  28:11  Missile Turret  
  199  28:12  Missile Turret x2  
  199  28:14  Missile Turret  
  199  28:15  Missile Turret  
  199  28:33  Missile Turret  
  199  28:54  Starport  
  199  28:57  Starport  
  199  28:58  Starport x2  
  199  29:26  Starport  
  199  29:31  Terran Ship Weapons Level 2  
  199  29:32  Starport  
  199  30:10  Starport Reactor x6  
  199  32:07  Terran Ship Weapons Level 3  
  199  32:43  Sensor Tower  
  199  32:57  Sensor Tower  
  199  32:59  Sensor Tower  
  199  33:33  Sensor Tower  
  199  33:44  Sensor Tower  
  199  34:04  Sensor Tower  
  193  36:01  Cyclone  
  193  36:02  Cyclone x4  
  193  36:03  Cyclone x8  
  196  36:04  Cyclone x2  
  129  36:34  Cyclone x3  
  129  36:35  Cyclone  
  129  36:36  Cyclone  
  148  36:40  Liberator x7  
  148  36:41  Liberator x3  
  61  37:21  Liberator x2  
  67  37:23  Liberator  
  37  38:02  Command Center  
  2  39:03  Command Center  
  2  39:22  Command Center  
  2  39:48  Command Center  
  1  40:45  Command Center  
Show
View Real Time Build Order
Export as new Build Order

OldManEmu Protoss 

Build Orders: Nexus First 

Get SALT Encoding   

  12  0:40  Pylon  
  12  0:52  Probe  
  13  1:02  Nexus  
  13  1:06  Gateway  
  13  1:11  Gateway x2  
  13  1:15  Gateway, Probe  
  14  1:22  Assimilator  
  14  1:28  Probe  
  15  1:40  Probe  
  15  1:42  Assimilator  
  16  1:50  Probe  
  16  1:53  Pylon  
  17  1:56  Pylon  
  17  1:58  Probe  
  17  2:07  Probe  
  19  2:18  Probe  
  20  2:30  Probe x2  
  22  2:42  Probe x2  
  24  2:54  Probe x2  
  26  3:06  Probe  
  26  3:07  Probe  
  28  3:16  Assimilator  
  28  3:19  Assimilator, Probe x2  
  30  3:31  Probe x2  
  32  3:40  Gateway  
  32  3:41  Gateway  
  32  3:43  Probe x2  
  32  3:46  Gateway  
  34  3:54  Cybernetics Core  
  34  3:55  Probe x2  
  36  3:56  Forge  
  36  4:07  Probe x2  
  38  4:16  Pylon  
  38  4:22  Pylon  
  38  4:25  Pylon  
  38  4:30  Pylon  
  38  4:32  Pylon  
  38  4:33  Protoss Shields Level 1  
  38  4:50  Photon Cannon  
  38  4:54  Photon Cannon  
  38  5:03  Pylon  
  38  5:07  Pylon  
  38  5:16  Pylon  
  38  5:24  Pylon  
  38  5:25  Photon Cannon  
  38  5:28  Photon Cannon  
  38  5:30  Photon Cannon  
  38  5:46  Stargate  
  38  5:47  Stargate  
  38  5:52  Stargate  
  38  5:54  Stargate  
  38  5:55  Stargate  
  38  5:57  Stargate  
  38  6:00  Pylon, Photon Cannon  
  38  6:03  Pylon  
  38  6:06  Pylon  
  38  6:08  Pylon  
  38  6:10  Pylon  
  38  6:14  Pylon  
  38  6:29  Gateway  
  38  6:34  Protoss Ground Armor Level 1  
  38  6:37  Fleet Beacon  
  38  6:43  Twilight Council  
  38  6:46  Photon Cannon  
  38  6:47  Photon Cannon  
  38  6:48  Photon Cannon  
  38  6:50  Photon Cannon  
  38  6:51  Photon Cannon  
  38  7:07  Gateway  
  38  7:18  Photon Cannon  
  38  7:19  Photon Cannon  
  38  7:21  Photon Cannon  
  38  7:24  Photon Cannon  
  38  7:26  Photon Cannon  
  38  7:28  Photon Cannon  
  38  7:29  Shield Battery  
  38  7:30  Shield Battery  
  38  7:33  Shield Battery  
  38  7:38  Shield Battery  
  38  7:41  Dark Shrine  
  38  7:54  Tempest x2  
  38  7:57  Tempest  
  50  8:12  Photon Cannon  
  50  8:19  Robotics Facility  
  50  8:22  Robotics Facility  
  50  8:25  Gateway  
  50  8:27  Gateway  
  50  8:29  Gateway  
  50  8:35  Protoss Ground Weapons Level 1  
  50  8:41  Gateway  
  50  8:47  Photon Cannon  
  50  8:52  Photon Cannon  
  50  8:59  Photon Cannon  
  50  9:15  Stargate  
  50  9:19  Photon Cannon  
  50  9:28  Photon Cannon  
  50  9:37  Photon Cannon  
  50  9:45  Photon Cannon  
  50  9:53  Photon Cannon x2  
  50  9:54  Photon Cannon  
  50  9:57  Pylon  
  50  10:03  Robotics Facility  
  50  10:05  Robotics Facility  
  50  10:08  Photon Cannon x2  
  50  10:09  Photon Cannon  
  50  10:10  Photon Cannon  
  50  10:15  Warp Gate, Blink  
  50  10:27  Protoss Shields Level 2  
  50  10:41  Probe  
  51  10:47  Probe  
  52  10:53  Probe  
  53  10:59  Probe  
  54  11:05  Stargate, Probe  
  56  11:11  Probe  
  56  11:17  Probe  
  57  11:22  Gateway  
  57  11:23  Gateway, Probe  
  57  11:25  Gateway  
  58  11:27  Gateway  
  58  11:29  Probe  
  59  11:35  Stargate x2  
  59  11:36  Stargate  
  59  11:45  Shadow Stride  
  59  12:00  Protoss Air Armor Level 1  
  59  12:06  Unknown  
  59  12:12  Charge  
  59  12:31  Gateway  
  59  12:32  Gateway  
  59  12:34  Gateway  
  59  12:36  Gateway  
  59  12:39  Gateway, Photon Cannon  
  59  12:42  Photon Cannon  
  59  12:46  Photon Cannon  
  59  12:47  Photon Cannon x2  
  59  12:52  Protoss Ground Armor Level 2  
  59  12:53  Photon Cannon  
  59  12:55  Photon Cannon  
  59  12:57  Photon Cannon  
  59  12:58  Photon Cannon  
  59  13:09  Photon Cannon x2  
  59  13:11  Photon Cannon  
  59  13:20  Stargate  
  59  13:23  Stargate x2  
  59  13:25  Stargate  
  59  13:29  Photon Cannon  
  59  13:32  Tempest  
  63  13:34  Observer  
  63  13:35  Observer  
  65  14:04  Protoss Air Weapons Level 1  
  65  14:07  Stargate  
  65  14:11  Shield Battery  
  65  14:26  Shield Battery  
  65  14:39  Shield Battery  
  65  14:41  Shield Battery  
  65  14:43  Photon Cannon  
  65  14:46  Photon Cannon  
  65  14:52  Photon Cannon  
  65  14:53  Photon Cannon  
  65  15:02  Photon Cannon x2  
  65  15:11  Photon Cannon  
  65  15:35  Protoss Shields Level 3  
  65  15:43  Photon Cannon  
  65  15:46  Photon Cannon  
  65  15:49  Photon Cannon  
  65  15:52  Flux Vanes  
  65  15:53  Pylon  
  65  16:07  Pylon  
  65  16:10  Protoss Air Armor Level 2  
  65  16:13  Robotics Bay  
  65  16:47  Tempest x5  
  65  16:48  Tempest  
  89  17:58  Tempest x2  
  89  17:59  Tempest x2  
  105  18:07  Tempest  
  109  18:22  Protoss Ground Armor Level 3  
  109  18:44  Tempest x2  
  117  18:55  Tempest  
  121  21:10  Protoss Ground Weapons Level 2  
  121  22:50  Tempest x2  
  121  22:51  Tempest x6  
  137  22:52  Tempest x5  
  137  22:53  Tempest  
  177  23:27  Protoss Ground Weapons Level 3  
  177  23:39  Protoss Air Armor Level 3  
  177  23:57  Gravitic Boosters  
  177  24:29  Photon Cannon  
  177  24:32  Photon Cannon x2  
  177  26:11  Extended Thermal Lance  
  177  26:24  Protoss Air Weapons Level 2  
  177  26:55  Shield Battery x2  
  177  26:58  Shield Battery  
  177  27:00  Shield Battery  
  177  27:02  Shield Battery  
  177  27:04  Shield Battery  
  177  27:05  Photon Cannon  
  177  27:11  Photon Cannon  
  177  27:13  Photon Cannon  
  177  27:16  Photon Cannon  
  177  27:18  Photon Cannon  
  177  27:21  Photon Cannon x2  
  177  27:26  Photon Cannon  
  177  27:28  Photon Cannon  
  177  27:29  Photon Cannon  
  177  27:47  Tempest  
  177  27:49  Carrier  
  177  27:50  Carrier  
  193  28:00  Pylon  
  193  28:07  Pylon  
  193  28:09  Pylon  
  193  28:14  Pylon  
  193  28:19  Pylon, Carrier  
  199  28:39  Photon Cannon  
  199  28:40  Photon Cannon  
  199  28:43  Photon Cannon  
  199  28:45  Photon Cannon  
  199  28:48  Photon Cannon  
  199  28:50  Photon Cannon  
  199  28:54  Photon Cannon  
  199  28:55  Photon Cannon  
  199  28:57  Photon Cannon  
  199  28:58  Photon Cannon  
  199  29:00  Photon Cannon  
  199  29:04  Photon Cannon  
  199  29:05  Photon Cannon  
  199  29:07  Photon Cannon  
  199  29:09  Photon Cannon  
  199  29:14  Photon Cannon  
  199  29:15  Photon Cannon  
  199  29:22  Photon Cannon x2  
  199  29:24  Photon Cannon  
  199  29:25  Photon Cannon  
  199  29:27  Photon Cannon x2  
  199  29:29  Photon Cannon  
  199  29:30  Photon Cannon x2  
  199  29:31  Pylon  
  199  29:42  Photon Cannon  
  199  29:44  Photon Cannon  
  199  29:45  Photon Cannon  
  199  29:46  Photon Cannon  
  199  29:47  Photon Cannon  
  199  29:49  Photon Cannon x2  
  199  29:50  Photon Cannon  
  199  29:51  Photon Cannon  
  199  29:52  Photon Cannon  
  199  29:53  Photon Cannon  
  199  29:55  Photon Cannon  
  199  30:02  Photon Cannon  
  199  30:04  Photon Cannon  
  199  30:05  Photon Cannon  
  199  30:49  Observer  
  200  32:57  Photon Cannon x2  
  200  34:09  Photon Cannon  
  200  34:31  Shield Battery  
  200  34:33  Shield Battery x2  
  200  34:36  Shield Battery  
  200  34:39  Photon Cannon  
  200  34:41  Photon Cannon  
  200  34:43  Photon Cannon  
  200  34:45  Photon Cannon  
  200  34:47  Photon Cannon  
  200  34:49  Photon Cannon  
  200  34:51  Photon Cannon  
  200  34:53  Photon Cannon  
  200  39:50  Nexus  
  200  39:55  Assimilator  
  200  39:59  Assimilator  
  199  40:22  Carrier  
  199  40:25  Carrier  
  199  40:26  Carrier  
  199  40:28  Carrier x2  
  198  40:34  Stalker x2  
  198  40:35  Stalker x3  
  181  40:36  Stalker x3  
  181  40:38  Stalker x3  
  181  40:39  Stalker x3  
  181  40:41  Stalker x3  
  189  41:33  Pylon  
Show
View Real Time Build Order
Export as new Build Order

Cyclone Protoss 

Build Orders: Carriers 

Get SALT Encoding   

  12  1:52  Probe  
  13  2:02  Pylon, Assimilator  
  13  2:04  Probe  
  14  2:16  Probe  
  14  2:18  Nexus  
  15  2:29  Probe  
  16  2:41  Probe  
  17  3:25  Gateway  
  17  3:26  Probe  
  18  3:29  Probe  
  18  3:30  Pylon  
  19  3:34  Probe  
  19  3:37  Probe  
  20  3:42  Probe  
  20  3:43  Assimilator  
  20  3:46  Probe  
  22  3:52  Probe  
  24  3:58  Probe  
  25  4:04  Probe  
  26  4:10  Probe  
  26  4:17  Probe  
  28  4:22  Probe  
  29  4:28  Assimilator  
  29  4:29  Assimilator, Probe  
  30  4:33  Cybernetics Core  
  30  4:34  Probe  
  31  4:40  Cybernetics Core  
  31  4:41  Probe  
  31  4:45  Cybernetics Core, Probe  
  32  4:50  Probe  
  33  4:53  Probe  
  33  4:58  Probe  
  35  5:01  Probe  
  37  5:07  Probe  
  37  5:12  Probe  
  39  5:19  Probe  
  40  5:22  Pylon  
  40  5:24  Probe, Protoss Air Weapons Level 1  
  40  5:25  Protoss Air Armor Level 1  
  40  5:26  Pylon  
  41  5:31  Stargate, Probe  
  41  5:32  Stargate  
  41  5:34  Pylon  
  42  5:36  Stargate  
  42  5:37  Stargate, Probe  
  42  5:41  Stargate  
  43  5:43  Stargate, Probe  
  43  5:46  Probe  
  43  5:47  Stargate  
  43  5:48  Stargate  
  45  5:50  Pylon  
  45  5:51  Probe  
  45  5:54  Probe  
  45  5:56  Pylon  
  46  5:59  Probe  
  46  6:03  Probe  
  48  6:10  Probe  
  50  6:15  Probe  
  51  6:22  Probe  
  52  6:31  Fleet Beacon  
  68  6:40  Void Ray  
  68  6:41  Void Ray x3  
  68  6:51  Pylon  
  68  7:00  Pylon  
  68  7:03  Pylon x2  
  68  7:07  Gateway  
  68  7:08  Gateway  
  68  7:10  Gateway x2, Pylon x2  
  68  7:11  Gateway  
  68  7:14  Gateway  
  68  7:19  Protoss Air Weapons Level 2, Protoss Air Armor Level 2  
  68  7:28  Gateway  
  72  7:30  Void Ray  
  72  7:32  Gateway  
  72  7:35  Gateway  
  72  7:39  Gateway  
  72  7:40  Gateway  
  72  7:43  Gateway  
  72  7:56  Carrier  
  78  8:14  Pylon x2  
  78  8:19  Pylon  
  78  8:20  Pylon x3  
  78  8:21  Pylon, Flux Vanes  
  78  8:26  Pylon  
  78  8:32  Pylon  
  78  8:33  Pylon  
  78  8:36  Pylon  
  78  8:46  Forge  
  78  8:48  Forge x2  
  78  9:12  Carrier  
  78  9:13  Carrier  
  78  9:16  Protoss Ground Weapons Level 1  
  90  9:26  Protoss Ground Armor Level 1, Protoss Shields Level 1  
  90  9:32  Twilight Council  
  90  9:35  Warp Gate  
  90  10:01  Protoss Air Weapons Level 3  
  98  10:31  Charge  
  98  10:36  Mothership  
  98  11:24  Pylon  
  98  11:32  Pylon, Protoss Air Armor Level 3  
  98  11:58  Gateway  
  98  12:00  Gateway  
  98  12:02  Gateway  
  98  12:07  Pylon  
  98  12:08  Gateway  
  98  12:09  Gateway  
  98  12:10  Gateway, Pylon  
  98  12:14  Gateway  
  98  12:15  Pylon  
  98  12:16  Gateway x2  
  98  12:18  Gateway  
  98  12:19  Gateway x2  
  98  12:20  Gateway  
  98  12:21  Gateway x2  
  98  12:22  Gateway  
  97  12:23  Gateway  
  97  12:24  Gateway  
  97  12:27  Gateway  
  97  12:28  Gateway x2  
  97  12:30  Gateway  
  97  12:32  Gateway  
  97  12:33  Gateway  
  97  12:34  Gateway  
  97  12:37  Gateway  
  97  13:12  Protoss Shields Level 2, Protoss Ground Armor Level 2, Protoss Ground Weapons Level 2  
  97  13:13  Robotics Facility  
  97  13:16  Robotics Facility  
  97  13:22  Pylon  
  97  13:26  Carrier  
  97  13:27  Carrier x2  
  115  13:55  Blink  
  115  14:32  Templar Archives  
  115  14:34  Dark Shrine  
  115  14:37  Robotics Bay  
  115  14:43  Observer  
  115  14:44  Warp Prism  
  118  16:10  Colossus x2  
  118  16:24  Extended Thermal Lance  
  130  16:36  Protoss Ground Armor Level 3, Protoss Ground Weapons Level 3, Protoss Shields Level 3  
  130  16:39  Robotics Facility  
  130  16:42  Robotics Facility  
  130  16:56  Zealot x5  
  130  16:57  Zealot x5  
  130  16:58  Zealot x6  
  130  16:59  Zealot x4  
  130  17:00  Zealot x2  
  130  17:01  Zealot x5  
  176  17:02  Zealot x6  
  196  17:30  Zealot x2  
  200  18:10  Photon Cannon  
  200  18:11  Photon Cannon  
  200  18:13  Photon Cannon  
  200  18:17  Photon Cannon  
  200  18:18  Photon Cannon  
  200  18:20  Photon Cannon x2  
  200  18:23  Photon Cannon x2  
  200  18:27  Photon Cannon  
  200  18:28  Photon Cannon  
  200  18:29  Photon Cannon x2  
  200  18:31  Photon Cannon  
  200  18:32  Photon Cannon  
  200  18:35  Photon Cannon  
  200  18:36  Photon Cannon x2  
  200  18:37  Photon Cannon  
  200  18:39  Photon Cannon  
  200  18:40  Photon Cannon  
  200  18:42  Photon Cannon x3  
  200  18:45  Photon Cannon  
  200  18:46  Pylon, Photon Cannon  
  200  18:48  Photon Cannon  
  200  18:49  Photon Cannon  
  200  18:52  Photon Cannon  
  200  18:57  Pylon  
  200  19:49  Resonating Glaives  
  200  19:50  Shadow Stride  
  200  19:53  Gravitic Drive  
  200  19:55  Psionic Storm  
  200  20:03  Nexus  
  200  20:04  Pylon  
  200  20:07  Assimilator  
  200  20:12  Assimilator  
  200  20:50  Gravitic Boosters  
  192  22:31  Zealot x3  
  192  22:32  Zealot  
  176  22:52  Zealot x3  
  176  22:53  Zealot x6  
  176  22:54  Zealot x5  
  176  22:55  Zealot x4  
  176  22:56  Zealot x3  
  112  23:14  Carrier  
  112  23:15  Carrier x7  
  112  23:18  Colossus x3  
  166  23:23  Zealot x4  
  166  23:24  Zealot x6  
  166  23:25  Zealot x5  
  166  23:26  Zealot x5  
  188  23:27  Zealot x2  
  188  23:28  Zealot x3  
  188  23:29  Zealot x2  
  172  23:53  High Templar x3  
  172  23:54  High Templar x6  
  172  23:55  High Templar x4  
  188  24:00  Archon  
  188  24:01  Archon x5  
  182  24:04  High Templar  
  182  24:08  Archon  
  184  24:18  Dark Templar  
  184  24:19  Carrier  
  192  24:53  High Templar x2  
  192  24:59  Archon  
  171  26:20  Stalker x2  
  171  26:21  Zealot x3  
  171  26:22  Zealot x3  
  171  26:24  Photon Cannon  
  187  26:27  Photon Cannon  
  187  26:29  Photon Cannon  
  187  26:30  Photon Cannon  
  187  26:32  Photon Cannon  
  173  26:35  Photon Cannon  
  173  26:37  Stalker x3, Photon Cannon  
  173  26:38  Stalker, Photon Cannon  
  175  26:40  Photon Cannon  
  175  26:42  Photon Cannon  
  175  26:45  Photon Cannon  
  171  26:47  Photon Cannon  
  149  26:54  Photon Cannon  
  149  26:55  Stalker x5, Photon Cannon  
  124  27:09  Observer  
  124  27:10  Observer  
  124  27:13  Tempest x4  
  136  27:17  Zealot x4  
  136  27:18  Zealot x5  
  136  27:19  Zealot x3  
  123  27:50  Stalker  
  123  27:51  Stalker  
  106  27:52  Stalker  
  106  27:53  Stalker  
Show
View Real Time Build Order
Export as new Build Order

UDontKnowMe Protoss 

Build Orders: 1 Gate Expand, Nexus First, Carriers 

Get SALT Encoding   

  12  0:31  Probe  
  12  0:35  Pylon  
  13  0:44  Probe  
  14  0:53  Gateway  
  14  0:55  Assimilator  
  14  0:56  Probe, Nexus  
  15  1:00  Assimilator  
  15  1:08  Probe  
  16  1:20  Probe  
  17  1:32  Probe  
  18  1:40  Cybernetics Core  
  18  1:41  Probe  
  18  1:42  Pylon  
  19  1:49  Probe  
  20  1:58  Probe  
  20  2:00  Pylon  
  20  2:03  Pylon  
  21  2:10  Probe  
  22  2:16  Stargate  
  23  2:22  Probe  
  23  2:25  Probe  
  24  2:33  Probe  
  24  2:35  Probe  
  25  2:42  Nexus  
  25  2:43  Probe  
  26  2:47  Probe  
  28  2:55  Probe  
  28  2:56  Pylon  
  29  2:59  Probe  
  29  3:01  Unknown  
  30  3:07  Void Ray  
  34  3:13  Probe  
  34  3:15  Probe  
  36  3:25  Probe x2  
  37  3:33  Probe  
  38  3:38  Probe  
  38  3:39  Assimilator  
  38  3:41  Assimilator, Probe  
  41  3:50  Probe x2  
  41  3:53  Probe  
  44  3:58  Probe  
  44  4:02  Probe  
  45  4:03  Probe  
  47  4:11  Probe  
  47  4:14  Probe  
  49  4:20  Probe  
  50  4:26  Probe  
  51  4:32  Probe  
  51  4:36  Pylon  
  51  4:37  Pylon  
  52  4:40  Forge  
  52  4:45  Cybernetics Core  
  52  4:48  Pylon  
  52  4:51  Pylon  
  52  4:53  Pylon  
  52  4:56  Pylon  
  52  5:00  Pylon  
  52  5:02  Pylon  
  52  5:06  Pylon  
  52  5:07  Shield Battery  
  52  5:08  Shield Battery  
  52  5:09  Pylon  
  52  5:10  Shield Battery  
  52  5:12  Pylon  
  52  5:15  Pylon  
  52  5:19  Pylon  
  52  5:22  Pylon  
  52  5:33  Photon Cannon  
  52  5:35  Photon Cannon  
  52  5:36  Photon Cannon  
  52  5:37  Photon Cannon  
  52  5:38  Photon Cannon  
  52  5:44  Stargate x2  
  52  5:53  Stargate  
  52  5:54  Stargate  
  52  6:07  Fleet Beacon  
  52  6:10  Twilight Council  
  52  6:13  Stargate  
  52  6:19  Stargate  
  52  6:23  Stargate  
  52  6:30  Stargate  
  52  6:38  Protoss Shields Level 1  
  52  6:50  Protoss Air Armor Level 1, Protoss Air Weapons Level 1  
  52  6:58  Carrier  
  58  7:03  Carrier  
  64  7:14  Carrier  
  70  7:26  Carrier  
  76  7:37  Carrier  
  82  7:49  Carrier  
  88  8:00  Carrier  
  94  8:13  Carrier  
  100  8:23  Flux Vanes  
  100  8:33  Void Ray  
  108  8:44  Void Ray  
  108  8:59  Protoss Shields Level 2  
  108  9:03  Protoss Air Weapons Level 2  
  108  9:09  Protoss Air Armor Level 2  
  108  9:16  Void Ray  
  116  9:27  Void Ray  
  120  9:35  Void Ray  
  124  9:46  Void Ray  
  128  9:54  Void Ray  
  132  10:01  Void Ray  
  136  10:10  Void Ray  
  140  10:18  Void Ray  
  140  10:28  Void Ray  
  144  10:34  Void Ray  
  152  10:48  Void Ray  
  160  10:58  Void Ray  
  160  11:01  Void Ray  
  164  11:10  Void Ray  
  168  11:21  Void Ray  
  172  11:26  Void Ray  
  172  11:43  Protoss Shields Level 3  
  172  11:51  Protoss Air Weapons Level 3  
  172  11:52  Pylon  
  172  11:55  Pylon  
  172  11:56  Protoss Air Armor Level 3  
  172  11:58  Pylon  
  172  12:10  Pylon  
  172  12:13  Pylon  
  172  12:16  Pylon  
  172  12:19  Pylon  
  176  12:24  Void Ray, Pylon  
  180  12:31  Void Ray  
  180  12:43  Void Ray  
  188  12:48  Void Ray  
  192  12:56  Void Ray  
  196  15:05  Void Ray  
  196  15:06  Void Ray  
  200  17:13  Pylon  
  200  17:15  Pylon  
  200  17:19  Pylon  
  200  17:22  Pylon  
  200  18:01  Nexus  
  200  18:21  Pylon  
  200  18:23  Robotics Facility  
  200  18:24  Photon Cannon  
  200  18:28  Photon Cannon  
  200  18:30  Photon Cannon  
  200  18:31  Photon Cannon  
  200  18:33  Photon Cannon  
  200  18:35  Photon Cannon  
  200  18:40  Photon Cannon  
  200  18:41  Photon Cannon  
  200  18:42  Photon Cannon  
  200  18:43  Photon Cannon  
  200  18:45  Photon Cannon  
  200  18:46  Photon Cannon  
  200  18:48  Photon Cannon  
  200  18:49  Photon Cannon  
  200  18:51  Photon Cannon  
  200  18:55  Gateway  
  200  18:56  Photon Cannon x2  
  200  18:58  Photon Cannon  
  200  18:59  Photon Cannon  
  200  19:00  Gateway  
  200  19:01  Gateway  
  200  19:02  Gateway  
  200  19:03  Photon Cannon  
  200  19:05  Photon Cannon  
  200  19:08  Photon Cannon  
  200  19:10  Photon Cannon  
  200  19:25  Warp Gate  
  200  19:33  Forge  
  200  19:40  Gateway  
  200  19:42  Gateway  
  200  19:43  Gateway  
  200  19:45  Gateway  
  200  19:47  Gateway  
  200  19:49  Gateway  
  200  19:50  Gateway  
  200  19:52  Gateway  
  200  19:53  Gateway  
  200  19:55  Gateway  
  200  19:57  Gateway  
  200  20:08  Gateway  
  200  20:09  Gateway  
  200  20:13  Gateway  
  200  20:14  Gateway  
  200  20:17  Photon Cannon  
  200  20:21  Photon Cannon  
  200  20:23  Photon Cannon  
  200  20:25  Photon Cannon  
  200  20:27  Photon Cannon  
  200  20:29  Photon Cannon  
  200  20:31  Photon Cannon, Protoss Ground Weapons Level 1  
  200  20:32  Protoss Ground Armor Level 1, Photon Cannon  
  200  20:34  Photon Cannon  
  200  20:37  Gateway  
  200  20:38  Photon Cannon  
  200  20:39  Photon Cannon  
  200  20:40  Photon Cannon  
  200  20:41  Gateway  
  200  20:42  Gateway  
  200  20:43  Gateway  
  200  20:45  Gateway  
  200  20:46  Gateway  
  200  20:48  Gateway  
  200  20:49  Gateway  
  200  20:52  Gateway  
  200  20:55  Gateway  
  200  20:56  Gateway  
  200  20:58  Photon Cannon  
  200  20:59  Photon Cannon  
  200  21:03  Dark Shrine  
  200  21:05  Photon Cannon  
  200  21:10  Gateway  
  200  21:11  Gateway  
  200  21:13  Gateway x2  
  200  21:16  Gateway  
  200  21:19  Gateway  
  200  21:21  Gateway  
  200  21:22  Gateway x2  
  200  21:24  Gateway  
  200  21:26  Shield Battery  
  200  21:28  Shield Battery  
  200  21:29  Shield Battery  
  200  21:30  Shield Battery  
  200  21:32  Shield Battery  
  200  21:33  Shield Battery  
  200  21:39  Robotics Bay  
  200  21:41  Photon Cannon  
  200  21:47  Robotics Bay  
  200  21:49  Photon Cannon  
  200  21:50  Photon Cannon  
  200  21:51  Photon Cannon  
  200  21:52  Photon Cannon  
  200  21:54  Photon Cannon  
  200  21:58  Photon Cannon  
  200  21:59  Photon Cannon x2  
  200  22:00  Photon Cannon  
  200  22:01  Photon Cannon  
  200  22:02  Photon Cannon  
  200  22:03  Photon Cannon  
  200  22:05  Photon Cannon  
  200  22:06  Photon Cannon  
  200  22:09  Blink  
  200  22:22  Probe x2  
  186  22:30  Probe x2  
  186  22:34  Protoss Ground Weapons Level 2  
  188  22:37  Protoss Ground Armor Level 2  
  188  22:39  Probe x2  
  190  22:50  Observer  
  191  22:51  Probe x2  
  191  22:54  Gravitic Boosters  
  191  22:57  Shadow Stride  
  193  23:03  Probe  
  193  23:04  Probe  
  195  23:40  Pylon  
  195  23:42  Pylon  
  195  23:45  Pylon  
  195  23:48  Pylon  
  195  23:51  Anion Pulse-Crystals, Unknown  
  195  23:52  Pylon  
  195  23:56  Pylon  
  195  23:57  Probe  
  195  23:59  Pylon  
  196  24:03  Pylon  
  196  24:05  Probe  
  197  24:10  Resonating Glaives  
  197  24:15  Probe  
  198  24:27  Probe  
  199  24:39  Probe  
  199  24:42  Gravitic Drive  
  199  25:10  Probe  
  200  25:50  Charge  
  196  27:32  Dark Templar x2  
  184  29:27  Dark Templar x6  
  184  29:28  Dark Templar x5  
  184  29:29  Stalker x2, Dark Templar  
  184  29:30  Stalker x4  
  200  29:36  Archon x2  
  200  29:37  Archon  
  184  29:39  Stalker x5  
  184  29:40  Stalker x3  
  184  29:41  Stalker x2  
  158  30:54  Protoss Ground Weapons Level 3  
  158  30:55  Protoss Ground Armor Level 3  
  156  32:08  Archon  
  156  32:12  Tempest x4  
  156  32:13  Tempest x4  
  188  33:10  Tempest x2  
  168  33:39  Templar Archives  
  184  34:14  Void Ray x2  
  184  34:15  Void Ray x6  
  184  34:19  Psionic Storm  
  200  34:57  Void Ray x2  
  200  34:58  Void Ray x2  
Show
View Real Time Build Order
Export as new Build Order

WhaTtheFOOK Zerg 

Build Orders: Pool First 

Get SALT Encoding   

  12  0:31  Drone  
  12  0:32  Drone  
  12  0:34  Spawning Pool  
  13  0:46  Overlord  
  13  0:47  Drone  
  14  0:58  Hatchery, Drone  
  14  1:05  Drone  
  15  1:15  Drone  
  16  1:23  Roach Warren  
  16  1:25  Lair  
  15  1:26  Drone  
  15  1:28  Metabolic Boost  
  15  1:29  Hatchery  
  15  1:36  Drone  
  17  1:47  Drone  
  17  1:58  Drone  
  18  2:14  Roach x2  
  22  2:20  Roach  
  24  2:26  Extractor  
  24  2:27  Drone  
  24  2:29  Queen  
  26  2:30  Drone  
  27  2:41  Roach  
  29  2:45  Ravager x3  
  29  2:47  Drone  
  29  2:49  Drone  
  29  2:50  Overlord  
  34  2:53  Overlord  
  34  3:00  Extractor, Ravager  
  35  3:10  Drone x2  
  37  3:13  Drone  
  37  3:14  Drone x4  
  42  3:35  Drone  
  42  3:36  Drone x6  
  49  3:46  Hatchery  
  49  3:47  Unknown  
  47  3:52  Drone  
  47  3:54  Drone x2  
  50  3:57  Overlord  
  50  3:58  Extractor  
  50  3:59  Overlord x2  
  49  4:42  Drone x2  
  49  4:43  Drone  
  49  4:45  Drone x3  
  53  4:46  Drone x5  
  60  4:56  Drone  
  61  5:01  Hatchery  
  61  5:03  Hatchery  
  61  5:07  Drone x2  
  61  5:14  Hydralisk Den  
  61  5:15  Drone x3  
  61  5:16  Drone  
  61  5:20  Evolution Chamber  
  63  5:22  Evolution Chamber  
  63  5:24  Drone  
  63  5:25  Evolution Chamber  
  63  5:27  Drone x2  
  64  5:34  Extractor  
  64  5:35  Extractor  
  62  5:36  Drone  
  62  5:38  Drone  
  64  5:47  Drone x2  
  64  5:48  Drone  
  64  5:49  Drone x3  
  70  5:53  Zerg Missile Weapons Level 1, Zerg Melee Weapons Level 1  
  70  5:54  Zerg Ground Armor Level 1  
  70  6:02  Spire  
  70  6:03  Spire  
  68  6:05  Drone x2  
  68  6:11  Drone  
  71  6:15  Drone x2  
  71  6:16  Drone  
  74  6:22  Drone  
  74  6:24  Hatchery  
  74  6:25  Hatchery  
  73  7:00  Overlord x3  
  73  7:03  Infestation Pit  
  73  7:07  Lurker Den  
  71  7:11  Drone  
  72  7:16  Zerg Flyer Weapons Level 1, Zerg Flyer Armor Level 1  
  72  7:18  Muscular Augments  
  72  7:29  Drone  
  73  7:42  Drone x8  
  81  7:46  Hive  
  81  8:04  Spore Crawler x2  
  81  8:05  Spore Crawler  
  78  8:06  Spore Crawler  
  78  8:07  Spore Crawler x4  
  73  8:18  Drone x8  
  73  8:19  Drone x3  
  84  8:22  Grooved Spines  
  84  8:23  Zerg Melee Weapons Level 2  
  84  8:24  Zerg Missile Weapons Level 2, Zerg Ground Armor Level 2  
  84  8:42  Hatchery x3  
  84  8:43  Hatchery  
  84  8:45  Hatchery x2  
  84  8:46  Hatchery  
  84  8:47  Hatchery x2  
  84  8:48  Hatchery x2  
  73  8:57  Adaptive Talons  
  73  9:02  Ultralisk Cavern  
  72  9:08  Drone x2  
  72  9:09  Ultralisk Cavern  
  73  9:11  Drone x2  
  73  9:16  Zerg Flyer Armor Level 2, Zerg Flyer Weapons Level 2  
  75  9:55  Seismic Spines  
  75  10:55  Zerg Melee Weapons Level 3, Zerg Missile Weapons Level 3, Zerg Ground Armor Level 3  
  75  11:09  Hydralisk x5  
  75  11:10  Hydralisk  
  87  11:13  Viper x4  
  87  11:14  Viper  
  87  11:17  Chitinous Plating  
  102  11:23  Drone  
  102  11:24  Drone x22  
  102  11:25  Drone x2  
  127  11:36  Anabolic Synthesis  
  127  11:53  Spore Crawler  
  126  11:56  Spore Crawler x6  
  126  11:57  Spore Crawler x6  
  126  11:58  Spore Crawler x2  
  126  11:59  Spore Crawler  
  111  12:02  Spore Crawler  
  111  12:03  Spore Crawler  
  111  12:04  Spore Crawler x3  
  111  12:05  Spore Crawler x3  
  111  12:06  Spore Crawler  
  102  12:08  Zerg Flyer Weapons Level 3, Zerg Flyer Armor Level 3  
  102  12:36  Unknown  
  102  12:54  Drone  
  102  12:55  Drone x11  
  114  13:28  Spore Crawler  
  114  13:29  Spore Crawler x2  
  114  13:30  Spore Crawler x3  
  114  13:31  Spore Crawler x2  
  114  13:32  Spore Crawler  
  114  13:33  Spore Crawler  
  104  13:34  Spore Crawler  
  104  13:37  Spore Crawler  
  90  13:48  Overlord x3  
  90  13:49  Overlord x6  
  90  14:24  Drone x3  
  91  14:30  Drone  
  91  14:31  Drone x11  
  105  14:45  Spore Crawler, Nydus Network  
  104  14:47  Spore Crawler  
  102  14:52  Spore Crawler  
  102  14:53  Spore Crawler x2  
  102  14:54  Spore Crawler  
  102  14:55  Spore Crawler x2  
  102  14:57  Spore Crawler  
  102  14:59  Spore Crawler  
  94  15:09  Spore Crawler  
  94  15:12  Spore Crawler  
  92  15:14  Greater Spire, Spore Crawler  
  92  15:15  Spore Crawler  
  92  15:16  Spore Crawler x2  
  88  15:41  Drone  
  88  15:42  Drone x18  
  107  15:43  Drone x14  
  121  16:06  Lurker x2  
  121  16:07  Lurker x4  
  127  16:17  Hatchery  
  126  16:19  Hatchery  
  125  16:27  Spore Crawler x4  
  125  16:28  Spore Crawler  
  125  16:29  Spore Crawler  
  125  16:31  Spore Crawler x2  
  125  16:32  Spore Crawler  
  116  16:33  Spore Crawler  
  116  16:35  Spore Crawler  
  114  16:41  Spore Crawler x3  
  114  16:42  Spore Crawler  
  114  16:43  Spore Crawler  
  114  16:45  Spore Crawler x2  
  107  16:49  Spore Crawler  
  107  16:50  Spore Crawler  
  107  16:51  Spore Crawler x2  
  107  16:52  Spine Crawler  
  107  16:53  Spine Crawler  
  101  16:54  Spine Crawler  
  101  16:55  Spine Crawler  
  101  16:56  Spine Crawler  
  101  17:00  Drone x7  
  101  17:01  Drone x2  
  107  17:19  Corruptor  
  107  17:20  Corruptor x16  
  107  17:21  Corruptor x10  
  161  17:36  Spore Crawler x2  
  161  17:37  Spore Crawler x2  
  158  17:38  Spore Crawler x2  
  158  17:39  Spore Crawler x2  
  153  17:46  Spore Crawler  
  153  17:47  Spore Crawler  
  153  17:49  Spore Crawler x2  
  149  18:11  Spore Crawler  
  148  18:40  Corruptor x16  
  148  18:41  Corruptor x10  
  183  19:25  Hatchery  
  178  19:44  Corruptor  
  142  19:55  Brood Lord x6  
  142  19:56  Brood Lord x7  
  174  20:02  Zergling x12  
  174  20:03  Zergling x40  
  155  20:55  Hydralisk x8  
  155  20:56  Hydralisk x18  
  175  22:01  Hydralisk x4  
  175  22:02  Hydralisk x8  
  148  22:25  Hydralisk  
  148  22:26  Hydralisk x13  
  90  23:50  Hydralisk  
  90  23:51  Hydralisk x17  
  90  23:52  Hydralisk x6  
  138  24:04  Lurker Den  
  137  24:34  Drone x3  
  137  24:35  Drone x13  
  137  24:36  Drone  
  154  25:02  Hatchery  
  154  25:07  Hydralisk x13  
  160  25:22  Spore Crawler x4  
  160  25:23  Spore Crawler x3  
  160  25:24  Spore Crawler  
  152  25:39  Drone  
  152  25:40  Drone x7  
  124  26:38  Lurker x4  
  124  26:39  Lurker  
  129  26:43  Drone x2  
  129  26:44  Drone  
  67  27:15  Viper x3  
  76  27:32  Queen x2  
  76  27:33  Queen  
  82  27:40  Drone x9  
  82  27:41  Drone x3  
  82  27:43  Drone  
  82  27:44  Drone x8  
  103  28:03  Lurker x3  
  106  28:42  Hatchery  
  106  28:43  Extractor  
  106  28:46  Extractor  
  103  28:51  Drone x6  
  103  28:52  Drone x3  
  112  28:56  Hatchery  
  111  29:13  Spore Crawler  
  110  29:20  Spore Crawler x2  
  110  29:21  Spore Crawler x2  
  110  29:22  Spore Crawler x3  
  103  29:26  Spore Crawler  
  103  29:27  Spore Crawler  
  103  29:29  Drone x3  
  104  29:35  Drone x9  
  113  29:39  Drone x9  
  113  29:44  Extractor  
  121  29:47  Extractor  
  121  30:07  Drone x2  
  121  30:13  Hydralisk x3  
  121  30:14  Hydralisk x12  
  124  30:17  Drone  
  153  30:23  Drone x2  
  155  30:38  Nydus Canal  
  155  30:59  Drone x2  
  155  31:02  Overlord x3  
  157  31:58  Overseer x2  
  157  32:01  Drone x3  
  160  32:08  Hatchery  
  160  32:09  Hatchery  
  160  32:11  Hatchery  
  160  32:12  Drone  
  160  32:13  Spore Crawler  
  157  32:19  Viper x2  
  163  33:35  Ultralisk Cavern  
  163  33:40  Infestation Pit  
  161  33:58  Adrenal Glands  
  161  34:03  Zergling x2  
  161  34:04  Zergling x34  
  161  34:05  Zergling x30  
  194  34:25  Drone x2  
  163  36:11  Nydus Canal  
  163  36:15  Zergling x14  
  163  36:16  Zergling x52  
  141  37:52  Corruptor x5  
  141  37:53  Corruptor x24  
  175  40:10  Brood Lord x12  
Show
View Real Time Build Order
Export as new Build Order

chokopoki Zerg 

Build Orders: Pool First, Ravager All-In 

Get SALT Encoding   

  12  0:52  Spawning Pool  
  11  1:02  Hatchery  
  10  1:08  Hatchery  
  9  1:15  Hatchery  
  9  1:17  Hatchery  
  9  1:18  Drone x3  
  10  1:44  Roach Warren  
  9  2:26  Roach  
  9  2:27  Roach x3  
  17  2:32  Roach x2  
  17  2:36  Hatchery  
  20  2:38  Roach x3  
  26  2:52  Roach x2  
  26  2:55  Ravager x2  
  29  3:22  Ravager x3  
  26  3:30  Drone  
  26  3:31  Drone x2  
  23  3:50  Unknown  
  22  3:56  Drone x2  
  22  3:57  Hatchery  
  23  4:07  Drone x6  
  23  4:08  Drone x4  
  33  4:16  Drone x2  
  35  4:32  Drone x4  
  35  4:33  Drone x3  
  42  4:45  Extractor x2, Lair  
  41  4:51  Drone x4  
  44  5:01  Extractor  
  44  5:04  Extractor  
  44  5:06  Drone  
  43  5:40  Drone  
  43  5:41  Drone x6  
  50  5:47  Overlord x5  
  50  5:48  Overlord  
  50  6:06  Drone x3  
  53  6:18  Burrow, Pneumatized Carapace  
  53  6:25  Metabolic Boost  
  53  6:30  Drone x2  
  53  6:31  Drone x4  
  59  6:41  Drone x3  
  62  6:54  Drone x3  
  65  7:17  Hatchery  
  65  7:21  Drone x5  
  69  7:24  Glial Reconstitution  
  69  7:31  Drone  
  69  7:32  Drone x3  
  73  8:07  Infestation Pit  
  72  8:17  Hydralisk Den  
  71  8:24  Spire  
  71  8:26  Spire  
  69  8:42  Tunneling Claws  
  69  9:21  Hatchery  
  68  9:27  Drone x3  
  68  9:28  Drone x6  
  68  9:29  Drone x4  
  68  9:30  Drone x2  
  83  9:36  Hive  
  83  9:40  Overseer  
  83  9:41  Overseer x2  
  83  9:45  Zerg Flyer Weapons Level 1, Zerg Flyer Armor Level 1  
  83  10:02  Lurker Den  
  82  10:21  Evolution Chamber  
  81  10:22  Evolution Chamber  
  81  10:23  Evolution Chamber  
  81  10:26  Hatchery x2  
  81  10:27  Hatchery  
  76  10:44  Hatchery  
  76  10:45  Hatchery  
  76  10:47  Hatchery  
  73  10:50  Hatchery  
  73  10:53  Zerg Melee Weapons Level 1  
  73  10:54  Zerg Ground Armor Level 1, Zerg Missile Weapons Level 1  
  72  10:57  Overseer  
  72  11:18  Ultralisk Cavern  
  71  11:25  Spore Crawler  
  70  11:26  Spore Crawler  
  70  11:28  Spore Crawler  
  68  11:33  Drone x5  
  68  11:34  Drone x6  
  68  11:35  Drone x5  
  84  13:22  Spore Crawler  
  84  13:23  Spore Crawler x2  
  84  13:25  Spore Crawler  
  84  13:26  Spore Crawler x2  
  78  13:28  Spore Crawler x2  
  78  13:29  Spore Crawler  
  78  13:30  Spore Crawler  
  78  13:31  Spore Crawler x2  
  78  13:32  Spore Crawler x2  
  78  13:33  Spore Crawler x2  
  68  13:38  Zerg Flyer Armor Level 2, Zerg Flyer Weapons Level 2  
  68  13:41  Zerg Missile Weapons Level 2, Zerg Ground Armor Level 2  
  68  13:42  Zerg Melee Weapons Level 2  
  68  13:44  Chitinous Plating  
  68  13:47  Adaptive Talons  
  68  14:13  Drone x4  
  68  14:14  Drone x6  
  68  14:15  Drone x2  
  80  14:44  Seismic Spines  
  80  14:59  Hatchery  
  79  15:02  Hatchery  
  79  15:03  Anabolic Synthesis  
  79  15:05  Hatchery  
  79  15:06  Hatchery  
  76  15:15  Hatchery x2  
  74  15:23  Hatchery  
  74  15:26  Hatchery  
  72  15:29  Hatchery  
  72  15:31  Hatchery  
  70  15:42  Spine Crawler  
  47  24:56  Drone x7  
  47  24:57  Drone x5  
  59  25:21  Hatchery  
  58  25:27  Overlord x3  
  58  25:28  Overlord x6  
  58  25:29  Overlord x6  
  58  25:47  Extractor  
  58  25:48  Extractor  
  56  26:16  Spawning Pool  
  56  26:17  Spawning Pool  
  56  26:18  Spawning Pool  
  53  26:30  Hatchery  
  53  26:32  Hatchery x2  
  51  26:34  Hatchery  
  51  26:36  Hatchery  
  48  27:22  Drone x3  
  51  27:23  Drone x7  
  51  27:24  Drone  
  59  27:32  Lair x5  
  59  27:33  Lair x5  
  59  27:34  Lair x5  
  59  27:35  Lair  
  60  28:05  Drone x2  
  60  28:06  Drone x5  
  60  28:07  Drone x4  
  70  28:51  Spire  
  70  28:53  Spire  
  68  29:13  Drone x2  
  68  29:14  Drone x6  
  68  29:15  Drone x6  
  68  29:16  Drone  
  68  29:17  Infestation Pit  
  82  29:40  Spire  
  82  29:41  Spire  
  82  29:42  Spire  
  82  29:44  Spire  
  82  29:45  Spire  
  77  29:47  Spore Crawler  
  77  29:48  Spore Crawler  
  77  29:49  Spore Crawler  
  77  29:52  Spore Crawler  
  73  29:53  Spore Crawler  
  73  29:55  Spore Crawler  
  73  29:57  Spore Crawler  
  73  29:59  Spore Crawler  
  69  30:00  Spore Crawler x2  
  69  30:05  Lair x5  
  67  30:11  Hive x2  
  67  30:12  Hive x6  
  67  30:13  Hive x5  
  67  30:14  Hive x3  
  67  30:23  Overlord x5  
  67  30:24  Overlord x6  
  67  30:25  Overlord x4  
  67  30:34  Drone x2  
  69  30:39  Overseer x5  
  69  30:55  Drone x4  
  69  30:56  Drone x4  
  77  31:05  Hydralisk Den  
  77  31:10  Hydralisk Den  
  75  31:30  Spore Crawler  
  75  31:32  Spore Crawler  
  73  31:41  Zerg Flyer Weapons Level 3  
  73  31:42  Zerg Flyer Armor Level 3, Spore Crawler x2  
  73  31:44  Greater Spire x5, Spore Crawler  
  73  31:45  Spore Crawler  
  69  31:49  Muscular Augments  
  69  31:57  Hive x5  
  69  32:03  Corruptor x5  
  69  32:04  Corruptor x5  
  69  32:05  Corruptor x6  
  101  32:16  Ultralisk Cavern  
  101  32:18  Ultralisk Cavern  
  99  32:43  Hydralisk x7  
  99  32:44  Hydralisk x2  
  117  32:52  Grooved Spines  
  117  32:53  Unknown  
  117  33:23  Drone x4  
  117  33:24  Drone x6  
  127  33:28  Adrenal Glands  
  127  34:03  Lurker Den  
  127  34:05  Lurker Den  
  125  34:24  Infestation Pit  
  124  34:45  Spore Crawler  
  123  34:46  Spore Crawler  
  123  34:47  Spore Crawler  
  123  34:48  Spore Crawler  
  123  34:49  Spore Crawler  
  119  35:09  Spore Crawler  
  118  35:24  Lurker x4  
  118  35:25  Lurker x5  
  127  35:45  Spore Crawler  
  126  35:56  Greater Spire x2  
  126  36:33  Zergling x8  
  126  36:34  Zergling x10  
  126  36:35  Zergling x10  
  126  36:36  Zergling x10  
  126  36:37  Zergling x8  
  149  36:48  Baneling Nest  
  148  37:08  Brood Lord x4  
  154  37:10  Brood Lord  
  158  37:37  Baneling  
  158  37:38  Baneling x8  
  158  37:39  Baneling x7  
  158  37:40  Baneling x6  
  158  37:41  Baneling x6  
  158  38:19  Ultralisk x6  
  200  38:20  Ultralisk x5  
  200  38:21  Ultralisk x3  
  200  38:22  Ultralisk x5  
  200  38:23  Ultralisk x4  
  181  39:41  Corruptor  
  181  39:42  Corruptor x7  
  181  39:43  Corruptor x14  
  181  39:44  Corruptor x14  
  181  39:45  Corruptor x12  
  60  40:54  Brood Lord x4  
  60  40:55  Brood Lord x6  
  80  40:59  Ultralisk x3  
  80  41:00  Ultralisk x2  
Show
View Real Time Build Order
Export as new Build Order

BlackOps Protoss 

Build Orders: Carriers 

Get SALT Encoding   

  12  0:32  Probe  
  13  0:44  Probe  
  13  0:47  Pylon  
  13  0:48  Pylon  
  13  0:49  Pylon  
  14  0:52  Assimilator  
  14  0:56  Probe  
  15  0:58  Assimilator  
  15  1:08  Probe  
  16  1:20  Probe  
  17  1:30  Gateway  
  17  1:31  Nexus  
  17  1:32  Probe  
  17  1:34  Pylon x2  
  17  1:35  Pylon  
  17  1:36  Pylon  
  18  1:41  Assimilator  
  18  1:43  Assimilator  
  18  1:45  Pylon, Probe  
  19  1:48  Pylon  
  19  1:57  Probe  
  20  2:08  Gateway  
  20  2:09  Probe  
  20  2:10  Gateway  
  20  2:12  Gateway  
  20  2:14  Pylon  
  21  2:21  Cybernetics Core, Probe  
  22  2:33  Probe  
  23  2:43  Pylon  
  23  2:45  Pylon, Probe  
  23  2:46  Pylon  
  23  2:47  Pylon, Warp Gate  
  23  2:51  Pylon x2  
  24  2:53  Probe  
  25  3:03  Probe  
  26  3:14  Probe  
  26  3:15  Probe  
  26  3:16  Forge  
  28  3:27  Probe  
  28  3:28  Probe  
  30  3:39  Probe  
  30  3:40  Probe  
  32  3:49  Robotics Facility  
  32  3:51  Robotics Facility  
  32  3:53  Robotics Facility  
  32  3:55  Protoss Shields Level 1  
  32  3:56  Robotics Facility  
  32  3:59  Robotics Facility  
  32  4:00  Probe  
  32  4:01  Robotics Facility, Probe  
  32  4:02  Pylon  
  34  4:15  Probe x2  
  36  4:24  Probe  
  36  4:25  Probe  
  38  4:33  Probe x2  
  40  4:40  Photon Cannon  
  40  4:41  Probe  
  40  4:42  Photon Cannon, Probe, Protoss Air Weapons Level 1  
  41  4:49  Stargate  
  42  4:54  Stargate  
  42  5:06  Pylon  
  42  5:07  Pylon  
  42  5:12  Pylon  
  42  5:15  Probe  
  42  5:16  Probe  
  44  5:23  Observer x3  
  44  5:25  Observer  
  49  5:42  Probe  
  49  5:44  Cybernetics Core, Forge  
  49  5:45  Pylon  
  49  5:57  Fleet Beacon  
  49  6:03  Stargate  
  49  6:04  Stargate  
  49  6:07  Stargate  
  49  6:11  Pylon  
  49  6:18  Protoss Ground Armor Level 1  
  49  6:38  Protoss Ground Weapons Level 1  
  49  6:50  Protoss Air Armor Level 1  
  49  6:51  Pylon  
  49  6:56  Photon Cannon  
  49  6:57  Photon Cannon  
  49  6:58  Photon Cannon  
  49  7:00  Photon Cannon  
  49  7:02  Photon Cannon  
  49  7:03  Photon Cannon  
  49  7:08  Photon Cannon  
  49  7:09  Photon Cannon  
  49  7:11  Photon Cannon  
  49  7:12  Photon Cannon  
  49  7:13  Photon Cannon x2  
  49  7:15  Photon Cannon  
  49  7:17  Pylon  
  49  7:22  Tempest x2, Carrier x2  
  65  7:24  Pylon  
  65  7:25  Tempest  
  73  7:48  Protoss Air Weapons Level 2  
  73  7:59  Twilight Council  
  73  8:00  Gateway  
  73  8:07  Gateway  
  73  8:13  Gateway  
  73  8:16  Gateway  
  73  8:19  Pylon  
  73  8:20  Pylon  
  73  8:28  Tempest  
  73  8:29  Tempest, Carrier  
  73  8:30  Tempest  
  91  8:41  Carrier  
  97  8:51  Photon Cannon  
  97  8:54  Photon Cannon  
  97  8:57  Photon Cannon  
  97  8:59  Photon Cannon  
  97  9:07  Photon Cannon  
  97  9:10  Pylon  
  97  9:11  Pylon  
  97  9:14  Photon Cannon, Unknown, Flux Vanes  
  97  9:30  Photon Cannon  
  97  9:31  Pylon, Photon Cannon  
  97  9:32  Pylon  
  97  9:35  Photon Cannon  
  97  9:37  Photon Cannon  
  97  9:45  Carrier  
  103  9:54  Carrier  
  109  10:04  Carrier  
  115  10:11  Protoss Shields Level 2  
  115  10:32  Protoss Air Armor Level 2  
  115  10:42  Protoss Air Weapons Level 3  
  115  10:56  Tempest x2, Carrier  
  129  10:58  Tempest  
  133  11:08  Tempest  
  137  11:22  Photon Cannon  
  137  11:23  Photon Cannon  
  137  11:25  Photon Cannon  
  137  11:28  Photon Cannon  
  137  11:29  Photon Cannon  
  137  11:40  Photon Cannon  
  137  11:43  Photon Cannon  
  137  11:45  Photon Cannon  
  137  11:46  Photon Cannon  
  137  11:47  Photon Cannon  
  137  12:08  Photon Cannon  
  137  12:25  Photon Cannon  
  137  12:28  Photon Cannon x2  
  137  12:29  Photon Cannon  
  137  12:30  Pylon  
  137  12:33  Pylon  
  137  13:03  Tempest x2, Carrier x2  
  137  13:04  Carrier  
  163  13:18  Photon Cannon x2  
  163  13:19  Photon Cannon  
  163  13:20  Photon Cannon  
  163  13:24  Photon Cannon  
  163  13:27  Photon Cannon  
  163  13:29  Photon Cannon  
  163  13:32  Photon Cannon  
  163  13:35  Photon Cannon  
  163  13:39  Pylon  
  163  13:46  Tempest  
  167  13:59  Photon Cannon  
  167  14:01  Photon Cannon  
  167  14:05  Photon Cannon  
  167  14:08  Photon Cannon  
  167  14:12  Photon Cannon  
  167  14:14  Pylon  
  167  14:16  Pylon  
  167  14:19  Pylon  
  167  14:23  Pylon  
  167  14:26  Carrier  
  167  14:28  Pylon  
  173  14:31  Pylon  
  173  14:33  Tempest  
  173  14:38  Tempest  
  181  14:47  Carrier  
  187  14:56  Carrier  
  193  15:04  Protoss Shields Level 3  
  193  15:16  Protoss Ground Weapons Level 2  
  193  15:22  Charge  
  193  15:27  Protoss Air Armor Level 3  
  193  15:36  Carrier  
  193  15:40  Observer  
  200  17:02  Blink  
  200  17:34  Protoss Ground Weapons Level 3  
  200  17:47  Protoss Ground Armor Level 2  
  200  19:03  Resonating Glaives  
  169  19:15  Immortal  
  169  19:16  Immortal x5  
  129  19:19  Zealot x2  
  129  19:20  Zealot x4  
  129  19:21  Zealot x2  
  85  19:42  Stalker x2  
  85  19:43  Stalker  
  85  19:44  Stalker x3  
  97  19:46  Stalker  
  97  19:47  Stalker  
  101  19:55  Immortal x5  
  101  19:56  Immortal  
  143  20:15  Void Ray x2  
  143  20:16  Void Ray x3  
  123  20:32  Nexus  
  123  20:34  Immortal x2  
  109  20:37  Nexus  
  96  20:49  Zealot  
  93  20:50  Zealot x2  
  114  20:58  Void Ray x2  
  114  20:59  Void Ray x3  
  112  21:41  Void Ray x2  
  34  22:07  Stalker  
  34  22:08  Stalker x3  
  40  22:09  Stalker  
  44  22:56  Nexus  
  44  22:59  Assimilator  
  44  23:02  Assimilator  
  44  23:04  Pylon  
  44  23:17  Fleet Beacon  
  44  23:20  Photon Cannon x2  
  44  23:21  Photon Cannon  
  44  23:22  Photon Cannon  
  44  23:23  Photon Cannon  
  44  23:32  Photon Cannon  
  44  23:36  Photon Cannon  
  44  23:47  Photon Cannon  
  44  23:58  Probe  
  45  24:09  Void Ray  
  53  24:10  Void Ray, Probe  
  58  24:18  Void Ray  
  58  24:27  Tempest  
  62  24:32  Tempest  
  62  24:38  Probe x2  
  68  24:50  Probe x2  
  70  24:59  Tempest x2  
  78  25:21  Tempest x2  
  78  25:24  Tempest  
  90  25:37  Immortal  
  90  25:41  Immortal  
  98  25:50  Immortal  
  102  25:58  Probe x2  
  104  26:10  Probe x2  
  106  26:18  Zealot x2  
  108  26:19  Zealot x2  
  108  26:21  Zealot  
  108  26:22  Probe  
  117  26:36  Probe x2  
  119  26:47  Zealot  
  119  26:48  Zealot x2, Probe x2  
  119  26:49  Zealot  
  129  26:57  Protoss Ground Armor Level 3  
  129  27:00  Probe  
  129  27:01  Probe  
  131  27:05  Anion Pulse-Crystals  
  131  27:31  Zealot x2  
  131  27:32  Zealot x2  
  131  27:33  Zealot x3  
  145  27:39  Immortal  
  149  27:47  Tempest  
  153  28:56  Zealot x2  
  153  28:57  Zealot x2  
  153  28:58  Zealot x2  
  153  29:00  Zealot  
  167  29:11  Tempest x5  
  75  29:53  Tempest  
  75  29:54  Tempest x4  
  83  30:35  Stalker  
  83  30:36  Tempest x2, Stalker x3  
  111  30:43  Void Ray x3  
  111  31:17  Stalker x2  
  111  31:18  Stalker x2  
  117  31:19  Tempest x2, Stalker  
  117  31:20  Stalker  
  117  31:22  Stalker  
  133  31:57  Stalker x2  
  133  31:58  Stalker x2  
  133  31:59  Stalker  
  133  32:01  Stalker x2  
  155  32:11  Void Ray  
  155  32:14  Void Ray  
  155  32:23  Pylon  
  155  32:25  Pylon  
  155  32:26  Pylon  
  155  32:38  Probe  
  156  32:45  Gateway, Pylon  
  156  32:47  Pylon  
  156  32:48  Pylon  
  156  32:49  Gateway, Pylon  
  156  32:50  Probe  
  157  32:54  Gateway  
  157  32:58  Gateway  
  157  33:04  Gateway  
  157  33:10  Gateway  
  161  33:22  Void Ray  
  161  33:46  Zealot x3  
  161  33:47  Zealot x2  
  161  33:48  Zealot x3  
  173  33:49  Zealot  
  179  34:07  Immortal  
  179  34:08  Immortal  
  191  34:10  Immortal  
  191  34:17  Immortal  
  195  34:25  Immortal  
  195  34:26  Observer  
  125  36:09  Zealot x3  
  125  36:10  Zealot x5  
  125  36:11  Zealot x2  
  127  36:12  Zealot x3  
  71  36:34  Zealot  
  71  36:35  Zealot x4  
  71  36:36  Zealot x4  
  71  36:37  Zealot x4  
  71  36:59  Zealot  
  71  37:00  Zealot x2  
  71  37:01  Zealot x3  
  81  37:02  Zealot x3  
  81  37:03  Zealot x3  
  81  37:04  Zealot  
  97  37:13  Immortal x5  
  117  37:20  Immortal  
  121  37:35  Stalker  
  121  37:36  Stalker x3  
  113  37:59  Stalker x4  
  113  38:00  Stalker x2  
  113  38:04  Stalker  
  127  39:01  Stalker x3  
  133  39:03  Stalker x2  
  133  39:04  Stalker  
  133  39:05  Stalker x2  
  133  39:06  Stalker x2  
  133  39:07  Stalker x2  
  133  39:08  Stalker  
  153  39:28  Immortal x4  
  123  40:09  Robotics Bay  
  123  40:20  Zealot x2  
  123  40:21  Zealot x4  
  119  40:22  Zealot x2  
  119  40:23  Zealot x2  
  119  40:24  Zealot x2  
  119  40:25  Zealot  
  105  40:56  Immortal  
  107  40:57  Immortal x4  
  107  41:03  Immortal  
Show
View Real Time Build Order
Export as new Build Order

Gratz Terran 

Build Orders:  

Get SALT Encoding   

  12  0:49  SCV  
  13  0:57  Supply Depot  
  13  1:01  SCV  
  13  1:02  Command Center  
  14  1:05  Refinery  
  14  1:10  Refinery  
  14  1:13  SCV, Command Center  
  15  1:25  SCV  
  16  1:37  SCV  
  17  1:49  SCV  
  18  2:43  SCV  
  19  2:44  Refinery  
  19  2:47  SCV  
  19  2:48  SCV  
  21  2:55  SCV  
  21  2:56  Barracks  
  22  2:59  SCV  
  22  3:00  SCV  
  24  3:07  SCV  
  24  3:08  Refinery  
  24  3:12  SCV x2  
  27  3:19  SCV  
  28  3:24  SCV x2  
  30  3:30  Command Center  
  30  3:31  SCV  
  31  3:36  SCV x2  
  33  3:43  SCV  
  33  3:48  SCV x2  
  35  3:55  SCV  
  37  4:00  SCV x2  
  39  4:58  Orbital Command x4  
  39  5:01  Command Center  
  39  5:09  Command Center  
  39  5:10  Command Center  
  39  5:13  Engineering Bay  
  39  5:14  Engineering Bay  
  39  5:30  SCV  
  39  5:31  SCV  
  39  5:32  SCV x2  
  44  5:42  SCV  
  44  5:43  Factory, SCV  
  44  5:44  Barracks Tech Lab, SCV x2  
  47  5:55  SCV x2  
  47  5:56  SCV x2  
  51  6:07  SCV x2  
  51  6:08  SCV x2  
  55  6:19  SCV  
  56  9:17  Terran Infantry Weapons Level 1, Terran Infantry Armor Level 1  
  56  9:19  Combat Shield  
  56  9:24  Orbital Command  
  56  9:25  Orbital Command x2  
  56  9:32  Command Center  
  56  9:34  Command Center  
  56  9:35  Command Center  
  56  9:40  Command Center x2  
  56  10:01  Barracks  
  56  10:06  Barracks  
  56  10:12  Barracks  
  56  10:15  Barracks  
  56  10:18  Barracks  
  56  10:20  Barracks  
  56  10:24  Barracks  
  56  10:38  Stimpack  
  56  10:42  Armory  
  56  10:47  Command Center  
  56  10:49  Command Center  
  56  10:50  Command Center  
  56  10:58  Barracks  
  56  10:59  Orbital Command x2  
  56  11:00  Barracks, Orbital Command x3  
  56  11:08  Barracks  
  56  11:11  Barracks x2  
  56  11:12  Starport  
  56  11:17  Starport x2  
  56  11:20  Missile Turret  
  56  11:24  Missile Turret  
  56  11:26  Missile Turret  
  56  11:33  Terran Infantry Weapons Level 2, Engineering Bay  
  56  11:35  Terran Infantry Armor Level 2  
  56  11:36  Terran Vehicle And Ship Armor Level 1  
  56  11:41  Barracks Reactor  
  56  11:42  Barracks Reactor x2  
  56  11:44  Barracks Reactor  
  56  11:45  Barracks Reactor  
  56  11:46  Barracks Reactor  
  56  11:49  Barracks Reactor x2  
  56  11:56  Barracks Reactor  
  56  11:57  Barracks Reactor  
  56  11:58  Barracks Reactor  
  56  12:01  Orbital Command  
  56  12:04  Orbital Command  
  56  12:06  Orbital Command  
  56  12:16  Starport Reactor  
  56  12:17  Starport Reactor x2  
  56  12:24  Fusion Core  
  56  12:55  Missile Turret  
  56  12:57  Missile Turret  
  56  13:00  Missile Turret  
  56  13:06  Marine  
  56  13:07  Marine x2  
  59  13:18  Barracks Reactor  
  59  13:20  Marine  
  59  13:21  Marine x18  
  59  13:24  Caduceus Reactor, Marine  
  59  13:25  Marine x2  
  81  13:33  Neosteel Armor  
  81  13:36  Terran Vehicle And Ship Armor Level 2  
  81  13:38  Marine  
  81  13:39  Marine x18  
  100  13:42  Marine  
  100  13:43  Marine x2  
  100  13:45  Medivac x2  
  100  13:46  Medivac x3  
  100  13:47  Medivac  
  115  13:56  Marine x2  
  115  13:57  Marine x13  
  130  14:07  Command Center  
  130  14:14  Command Center  
  130  14:15  Medivac x2  
  130  14:16  Medivac x4, Terran Infantry Weapons Level 3  
  142  14:17  Terran Infantry Armor Level 3  
  142  14:26  Marine  
  142  14:27  Marine x18  
  142  14:28  Marine x5  
  166  14:44  Marine  
  166  14:45  Medivac x2, Marine x23  
  180  14:46  Medivac x3  
  200  15:13  Hi-Sec Auto Tracking  
Tags
 
Add a new tag
Caveats
  • Supply blocks, unpowered buildings, or Contaminate may cause inaccurate times.
  • Supply counts are checked every 10 seconds.